 Dungeon Crawl Stone Soup version 0.28.0-53-g5a82cb258f (webtiles) character file.

Game seed: 12022116832261965814

354 MisterFreud the Covert (level 6, -2/53 HPs)
             Began as a Gnoll Delver on June 24, 2022.
             Slain by a gnoll
             ... wielding a +5 whip
              (7 damage)
             ... on level 2 of the Dungeon.
             The game lasted 00:02:30 (1943 turns).

MisterFreud the Covert (Gnoll Delver)               Turns: 1943, Time: 00:02:30

Health: -2/53      AC:  3    Str: 12    XL:     6   Next: 62%
Magic:  9/9        EV: 13    Int: 11    God:
Gold:   43         SH:  0    Dex: 13    Spells: 9/9 levels left

rFire   . . .      SeeInvis .   a - +0 short sword
rCold   . . .      Faith    .   (no shield)
rNeg    . . .      Spirit   .   b - +0 leather armour
rPois   .          Reflect  .   (no helmet)
rElec   .          Harm     .   (no cloak)
rCorr   .          Rampage  .   (no gloves)
Will    .....                   (no boots)
Stlth   ++++......              (no amulet)
HPRegen 0.17/turn               (no ring)
MPRegen 0.11/turn               (no ring)

@: no status effects
A: fangs 1, strong nose, distributed training
a: no special abilities


You were on level 2 of the Dungeon.
You visited 1 branch of the dungeon, and saw 6 of its levels.

You collected 43 gold pieces.

Inventory:

Hand Weapons
 a - a +0 short sword (weapon)
Missiles
 i - 6 boomerangs (quivered)
 q - 2 poisoned darts
Armour
 b - a +0 leather armour (worn)
Jewellery
 o - an amulet of faith
Wands
 g - a wand of digging (3)
Scrolls
 c - a scroll of fog
 d - a scroll of magic mapping
 e - a scroll of fear
 h - 3 scrolls of teleportation {unknown}
 j - a scroll of identify {unknown}
 k - a scroll of vulnerability {unknown}
 l - a scroll of amnesia {unknown}
Potions
 f - a potion of haste
 m - 2 potions of mutation {unknown}
 n - a potion of heal wounds
 p - a potion of attraction {unknown}
 r - a potion of lignification {unknown}


   Skills:
 + Level 6.8 Fighting
 + Level 5.0 Short Blades
 + Level 2.0 Long Blades
 + Level 2.0 Axes
 + Level 2.0 Maces & Flails
 + Level 2.0 Polearms
 + Level 2.0 Staves
 + Level 2.0 Slings
 + Level 2.0 Bows
 + Level 2.0 Crossbows
 + Level 2.0 Throwing
 + Level 2.0 Armour
 + Level 5.0 Dodging
 + Level 9.8 Stealth
 + Level 2.0 Shields
 + Level 2.0 Unarmed Combat
 + Level 2.0 Spellcasting
 + Level 1.6 Conjurations
 + Level 1.6 Hexes
 + Level 1.6 Summonings
 + Level 1.6 Necromancy
 + Level 1.6 Translocations
 + Level 1.6 Transmutations
 + Level 1.6 Fire Magic
 + Level 1.6 Ice Magic
 + Level 1.6 Air Magic
 + Level 1.6 Earth Magic
 + Level 1.6 Poison Magic
 + Level 2.2 Invocations
 + Level 2.0 Evocations


You had 9 spell levels left.
You didn't know any spells.
Your spell library contained the following spells:

 Spells                   Type           Power      Damage    Failure   Level
 Magic Dart               Conj           16%        1d3       19%         1
 Call Imp                 Summ           4%         N/A       28%         2
 Ensorcelled Hibernation  Hex/Ice        8%         N/A       28%         2
 Mephitic Cloud           Conj/Pois/Air  4%         N/A       50%         3
 Spider Form              Tmut/Pois      4%         N/A       50%         3
 Anguish                  Hex/Necr       2%         N/A       88%         4


Dungeon Overview and Level Annotations

Branches:
Dungeon (6/15)
 Temple: D:4-7

Altars:


Innate Abilities, Weirdness & Mutations

You have very sharp teeth.
Your uncanny sense of smell can sniff out nearby items.
Your experience applies equally to all skills.


Message History

You hit the quokka.
You kill the quokka!
There is a stone staircase leading down here.
You start resting.
HP restored.
You climb downwards.
The gnoll hits you with a +5 whip! The gnoll misses you.
The gnoll completely misses you. The gnoll hits you but does no damage.
There is a stone staircase leading up here.
The gnoll hits you with a +5 whip! The gnoll hits you with a +5 whip!
You hit the gnoll.
The gnoll is heavily wounded.
The gnoll hits you with a +5 whip.
You hit the gnoll.
The gnoll is severely wounded.
The gnoll closely misses you.
You barely miss the gnoll.
The gnoll is severely wounded.
The gnoll hits you with a +5 whip!
You hit the gnoll but do no damage.
The gnoll is severely wounded.
You hit the gnoll.
The gnoll is almost dead.
The gnoll hits you with a +5 whip.
* * * LOW HITPOINT WARNING * * *
You hit the gnoll but do no damage. Your bite misses the gnoll.
The gnoll is almost dead.
The gnoll hits you with a +5 whip!
* * * LOW HITPOINT WARNING * * *
You hit the gnoll but do no damage.
The gnoll is almost dead.
The gnoll misses you.
Found 14 stones.
You barely miss the gnoll. You bite the gnoll.
The gnoll is almost dead.
The gnoll misses you.
You hit the gnoll.
The gnoll is almost dead.
The gnoll hits you with a +5 whip!
You die...

#. ###.# ∆# ...# .#
#..# ..# #..# #..#
#..###.#.##..
#..g..##.... #..g....♣
#.@##...♣ ##..##..P♣
....##.#.(♣ #
##.#.##.##...#... #.
#......# ####... ##.
##...#..# #...##.. #
#.....#.######...##.#
.#.....#$.............
...............P.....


You could see 2 gnolls.

Vanquished Creatures
  A sky beast (D:5)
  A phantom (D:5)
  A scorpion (D:5)
  A hound (D:5)
  An iguana (D:5)
  2 adders (D:5)
  A worm (D:2)
  A dart slug (D:1)
  3 orcs (D:3)
  6 bats (D:1)
  4 endoplasms
  3 goblins (D:1)
  3 hobgoblins (D:1)
  6 kobolds
  4 quokkas (D:1)
  3 ball pythons
  2 frilled lizards
  8 rats
51 creatures vanquished.

Notes
Turn   | Place    | Note
-------+----------+-------------------------------------------
     0 | D:5      | Reached skill level 9 in Stealth
     0 | D:5      | MisterFreud the Gnoll Delver began the quest for the Orb.
     0 | D:5      | Reached XP level 1. HP: 23/23 MP: 1/1
     1 | D:6      | Noticed a scorpion
    29 | D:5      | Noticed an iguana
    36 | D:5      | Killed an iguana
    37 | D:5      | Reached XP level 2. HP: 29/29 MP: 2/2
    37 | D:5      | Reached XP level 3. HP: 35/35 MP: 3/3
   102 | D:5      | Reached skill level 1 in Invocations
   154 | D:5      | Noticed a sky beast
   162 | D:5      | Killed a sky beast
   163 | D:5      | Reached skill level 1 in Long Blades
   163 | D:5      | Reached skill level 1 in Axes
   163 | D:5      | Reached skill level 1 in Maces & Flails
   163 | D:5      | Reached skill level 1 in Polearms
   163 | D:5      | Reached skill level 1 in Staves
   163 | D:5      | Reached skill level 1 in Slings
   163 | D:5      | Reached skill level 1 in Bows
   163 | D:5      | Reached skill level 1 in Crossbows
   163 | D:5      | Reached skill level 1 in Throwing
   163 | D:5      | Reached skill level 1 in Armour
   163 | D:5      | Reached skill level 1 in Shields
   163 | D:5      | Reached skill level 1 in Unarmed Combat
   163 | D:5      | Reached skill level 1 in Spellcasting
   163 | D:5      | Reached skill level 1 in Conjurations
   163 | D:5      | Reached skill level 1 in Hexes
   163 | D:5      | Reached skill level 1 in Summonings
   163 | D:5      | Reached skill level 1 in Necromancy
   163 | D:5      | Reached skill level 1 in Translocations
   163 | D:5      | Reached skill level 1 in Transmutations
   163 | D:5      | Reached skill level 1 in Fire Magic
   163 | D:5      | Reached skill level 1 in Ice Magic
   163 | D:5      | Reached skill level 1 in Air Magic
   163 | D:5      | Reached skill level 1 in Earth Magic
   163 | D:5      | Reached skill level 1 in Poison Magic
   163 | D:5      | Reached skill level 1 in Evocations
   163 | D:5      | Reached XP level 4. HP: 33/41 MP: 4/6
   163 | D:5      | Reached XP level 5. HP: 38/47 MP: 4/7
   261 | D:5      | Reached XP level 6. HP: 24/53 MP: 8/8
   524 | D:5      | Reached skill level 5 in Short Blades
   524 | D:5      | Reached skill level 5 in Dodging
  1943 | D:2      | Slain by a gnoll

Illustrated notes

Levels and vault maps discovered:
D:1:      dpeg_arrival_tiny_f, layout_basic
D:2:      layout_loops_cross, serial_forest, infiniplex_forest_clump_small,
          infiniplex_forest_clump_diagonal, infiniplex_forest_clump_double,
          infiniplex_forest_clump_long, infiniplex_forest_straight_4,
          infiniplex_forest_straight_4, infiniplex_forest_end_1, uniq_natasha
D:3:      layout_basic, skrybe_limestone_x
D:4:      layout_rooms, serial_shops, nicolae_shop_advertising_works
          [nicolae_subvault_shop_adworks], nicolae_shop_waterfront,
          nicolae_shop_crystal
D:5:      layout_layer_cave, nrook_campfire, minivault_5
D:6:      layout_rooms, grunt_dithmenos_smoke,
          minmay_temple_entry_enclosed_plants, st_stairs_9,
          minmay_misc_feat_five

Skill      XL: |  1  2  3  4  5  6 |
---------------+-------------------+-----
Stealth        | |  9.8
Invocations    | 1 2 |  2.2
Long Blades    | 1 2 |  2.0
Axes           | 1 2 |  2.0
Maces & Flails | 1 2 |  2.0
Polearms       | 1 2 |  2.0
Staves         | 1 2 |  2.0
Slings         | 1 2 |  2.0
Bows           | 1 2 |  2.0
Crossbows      | 1 2 |  2.0
Throwing       | 1 2 |  2.0
Armour         | 1 2 |  2.0
Shields        | 1 2 |  2.0
Unarmed Combat | 1 2 |  2.0
Spellcasting   | 1 2 |  2.0
Conjurations   | 1 |  1.6
Hexes          | 1 |  1.6
Summonings     | 1 |  1.6
Necromancy     | 1 |  1.6
Translocations | 1 |  1.6
Transmutations | 1 |  1.6
Fire Magic     | 1 |  1.6
Ice Magic      | 1 |  1.6
Air Magic      | 1 |  1.6
Earth Magic    | 1 |  1.6
Poison Magic   | 1 |  1.6
Evocations     | 1 2 |  2.0
Short Blades   | 5 |  5.0
Dodging        | 5 |  5.0
Fighting       | |  6.8

Action                   |  1- 3 |  4- 6 || total
-------------------------+-------+-------++-------
Melee: Short sword       |     5 |   147 ||   152
       Bite              |       |    16 ||    16
       Punch             |       |     3 ||     3
  Use: Potion            |       |     1 ||     1
 Stab: Sleeping          |     4 |    18 ||    22
Armor: Leather armour    |       |    21 ||    21
Dodge: Dodged            |     1 |    89 ||    90
